TOP OF THE 1ST |
Texas Rangers batting - Pitching for Oakland Athletics : RHP Mike Torres
|
Pitching: RHP Mike Torres
|
|
Batting: RHB Rich Stinson
|
0-0: Ball 1-0: Ball 2-0: Called Strike 2-1: Ball 3-1: Foul Ball, location: 2F 3-2: Base on Balls
|
Batting: SHB John Giesbrecht
|
0-0: Ball Rich Stinson is caught stealing 2nd base 2-6 1-0: Foul Ball, location: 2F 1-1: Fly out, F4 (Flyball, 34D, EV 89.4 MPH)
|
Batting: SHB Jun Tsuda
|
0-0: Called Strike 0-1: Called Strike 0-2: Ball 1-2: Ball 2-2: Ball 3-2: Foul Ball, location: 2F 3-2: Base on Balls
|
Batting: LHB Da Vo
|
0-0: Called Strike Jun Tsuda steals 2nd base 0-1: Called Strike 0-2: Fly out, F7 (Line Drive, 7LS, EV 90.6 MPH)
|
Top of the 1st over - 0 runs, 0 hits, 0 errors, 1 left on base; Texas 0 - Oakland 0 |
BOTTOM OF THE 1ST |
Oakland Athletics batting - Pitching for Texas Rangers : LHP Wayne Perry
|
Pitching: LHP Wayne Perry
|
|
Batting: RHB Philip Jansen
|
0-0: Swinging Strike 0-1: Ball 1-1: Ball 2-1: Foul Ball, location: 2F 2-2: SINGLE (Flyball, 8RS, EV 90.6 MPH)
|
Batting: RHB Danny Murillo
|
0-0: Sac Bunt to 15S - play at first, batter OUT! 1-3 Philip Jansen to second
|
Batting: LHB Sakae Kasahara
|
0-0: Called Strike 0-1: Ball 1-1: Ball 2-1: Swinging Strike 2-2: Foul Ball, location: 2F 2-2: Ball 3-2: Strikes out swinging
|
Batting: RHB Muneo Kawachi
|
0-0: Foul Ball, location: 2F 0-1: Swinging Strike 0-2: Ground out 5-3 (Groundball, 56, EV 86.9 MPH)
|
Bottom of the 1st over - 0 runs, 1 hit, 0 errors, 1 left on base; Texas 0 - Oakland 0 |
TOP OF THE 2ND |
Texas Rangers batting - Pitching for Oakland Athletics : RHP Mike Torres
|
Batting: RHB Bert Clark
|
0-0: Foul Ball, location: 2F 0-1: SINGLE (Line Drive, 8LS, EV 105.0 MPH)
|
Batting: LHB Cody Schumacher
|
0-0: Ball 1-0: Called Strike Bert Clark steals 2nd base 1-1: Swinging Strike 1-2: Strikes out swinging
|
Batting: LHB Johan de Vries
|
0-0: Called Strike 0-1: Called Strike 0-2: Ball 1-2: Foul Ball, location: 2F 1-2: 2-RUN HOME RUN (Flyball, 89XD, EV 100.0 MPH), Distance : 416 ft
|
Batting: RHB Edwin Madrid
|
0-0: Ball 1-0: Ball 2-0: Called Strike 2-1: Foul Ball, location: 2F 2-2: Foul Ball, location: 2F 2-2: Strikes out swinging
|
Batting: SHB Vince Ealy
|
0-0: Foul Ball, location: 2F 0-1: Foul Ball, location: 2F 0-2: Strikes out swinging
|
Top of the 2nd over - 2 runs, 2 hits, 0 errors, 0 left on base; Texas 2 - Oakland 0 |
BOTTOM OF THE 2ND |
Oakland Athletics batting - Pitching for Texas Rangers : LHP Wayne Perry
|
Batting: LHB Nate Dean
|
0-0: Ball 1-0: Called Strike 1-1: Called Strike 1-2: Strikes out swinging
|
Batting: RHB Sébastien Piat
|
0-0: Ball 1-0: Fly out, F8 (Flyball, 8RXD, EV 91.9 MPH)
|
Batting: RHB Justin McQuarter
|
0-0: Foul Ball, location: 2F 0-1: Ball 1-1: Foul Ball, location: 2F 1-2: SINGLE (Groundball, 56D, EV 100.0 MPH)
|
Batting: SHB Bob Morales
|
0-0: SINGLE (Line Drive, 7S, EV 94.4 MPH) Justin McQuarter to second
|
Batting: SHB Todd Hewitt
|
0-0: Ball 1-0: Ball 2-0: Ball 3-0: Called Strike 3-1: SINGLE (Flyball, 8LS, EV 92.5 MPH) Justin McQuarter to third Bob Morales to second Runner from 3rd tries for Home, SAFE, throw by CF to home Bob Morales to third Todd Hewitt to second
|
Batting: RHB Philip Jansen
|
0-0: Ball 1-0: Called Strike 1-1: Reached on error, E1 (Groundball, 25, EV 75.6 MPH) Bob Morales scores Todd Hewitt scores
|
Batting: RHB Danny Murillo
|
0-0: Called Strike 0-1: Called Strike 0-2: Strikes out swinging
|
Bottom of the 2nd over - 3 runs, 3 hits, 1 error, 1 left on base; Texas 2 - Oakland 3 |
TOP OF THE 3RD |
Texas Rangers batting - Pitching for Oakland Athletics : RHP Mike Torres
|
Batting: RHB Rich Stinson
|
0-0: Ball 1-0: Swinging Strike 1-1: Foul Ball, location: 2F 1-2: Strikes out swinging
|
Batting: SHB John Giesbrecht
|
0-0: Ball 1-0: Foul Ball, location: 2F 1-1: Ball 2-1: Ball 3-1: Called Strike 3-2: Fly out, F6 (Flyball, 6MD, EV 74.4 MPH)
|
Batting: SHB Jun Tsuda
|
0-0: Ball 1-0: Ball 2-0: Called Strike 2-1: Ball 3-1: Base on Balls
|
Batting: LHB Da Vo
|
0-0: Ball 1-0: Called Strike Jun Tsuda steals 2nd base (no throw) 1-1: Ball 2-1: DOUBLE (Groundball, 3L, EV 108.1 MPH) Jun Tsuda scores
|
Batting: RHB Bert Clark
|
0-0: Ball 1-0: Called Strike 1-1: Ball 2-1: Called Strike 2-2: Foul Ball, location: 2F 2-2: Ball 3-2: Foul Ball, location: 2F 3-2: Base on Balls
|
Batting: LHB Cody Schumacher
|
0-0: Called Strike 0-1: Ball 1-1: Ball 2-1: SINGLE (Groundball, 6MD, EV 105.0 MPH) Da Vo to third Bert Clark to second Runner from 3rd tries for Home, SAFE, throw by CF to home
|
Batting: LHB Johan de Vries
|
0-0: Called Strike 0-1: Fly out, F9 (Flyball, 9LD, EV 108.8 MPH)
|
Top of the 3rd over - 2 runs, 2 hits, 0 errors, 2 left on base; Texas 4 - Oakland 3 |
BOTTOM OF THE 3RD |
Oakland Athletics batting - Pitching for Texas Rangers : LHP Wayne Perry
|
Batting: LHB Sakae Kasahara
|
0-0: Ball 1-0: Foul Ball, location: 2F 1-1: Ball 2-1: Foul Ball, location: 2F 2-2: Ball 3-2: Fly out, F7 (Flyball, 7D, EV 82.5 MPH)
|
Batting: RHB Muneo Kawachi
|
0-0: Called Strike 0-1: Ball 1-1: Ball 2-1: Ball 3-1: Base on Balls
|
Batting: LHB Nate Dean
|
0-0: Ball Muneo Kawachi is caught stealing 2nd base 2-6 1-0: Ball 2-0: Called Strike 2-1: SINGLE (Groundball, 34D, EV 105.6 MPH) (infield hit)
|
Batting: RHB Sébastien Piat
|
0-0: SINGLE (Line Drive, 9S, EV 98.1 MPH) Nate Dean to second Runner from 2nd tries for 3rd, SAFE, throw by RF made to third
|
Batting: RHB Justin McQuarter
|
0-0: Ball 1-0: Foul Ball, location: 2F 1-1: Called Strike 1-2: Strikes out swinging
|
Bottom of the 3rd over - 0 runs, 2 hits, 0 errors, 2 left on base; Texas 4 - Oakland 3 |
TOP OF THE 4TH |
Texas Rangers batting - Pitching for Oakland Athletics : RHP Mike Torres
|
Batting: RHB Edwin Madrid
|
0-0: Called Strike 0-1: Ball 1-1: Ball 2-1: Swinging Strike 2-2: Fly out, F8 (Flyball, 8LXD, EV 91.9 MPH)
|
Batting: SHB Vince Ealy
|
0-0: Ball 1-0: Foul Ball, location: 2F 1-1: Ball 2-1: Swinging Strike 2-2: Foul Ball, location: 2F 2-2: Foul Ball, location: 2F 2-2: Strikes out looking
|
Batting: RHB Rich Stinson
|
0-0: SINGLE (Groundball, 6M, EV 103.1 MPH) (infield hit)
|
Batting: SHB John Giesbrecht
|
0-0: Ball Rich Stinson steals 2nd base (no throw) 1-0: Ball 2-0: Ball 3-0: Called Strike 3-1: Base on Balls
|
Batting: SHB Jun Tsuda
|
0-0: Ball 1-0: Foul Ball, location: 2F 1-1: Foul Ball, location: 2F 1-2: Foul Ball, location: 2F 1-2: Strikes out looking
|
Top of the 4th over - 0 runs, 1 hit, 0 errors, 2 left on base; Texas 4 - Oakland 3 |
BOTTOM OF THE 4TH |
Oakland Athletics batting - Pitching for Texas Rangers : LHP Wayne Perry
|
Batting: SHB Bob Morales
|
0-0: Ball 1-0: Ball 2-0: Called Strike 2-1: Foul Ball, location: 2F 2-2: Foul Ball, location: 2F 2-2: Strikes out swinging
|
Batting: SHB Todd Hewitt
|
0-0: Fly out, F9 (Flyball, 9, EV 97.5 MPH)
|
Batting: RHB Philip Jansen
|
0-0: Called Strike 0-1: Ball 1-1: Fly out, F8 (Flyball, 8LM, EV 88.8 MPH)
|
Bottom of the 4th over - 0 runs, 0 hits, 0 errors, 0 left on base; Texas 4 - Oakland 3 |
TOP OF THE 5TH |
Texas Rangers batting - Pitching for Oakland Athletics : RHP Mike Torres
|
Batting: LHB Da Vo
|
0-0: Called Strike 0-1: Swinging Strike 0-2: Ball 1-2: Ball 2-2: Strikes out swinging
|
Batting: RHB Bert Clark
|
0-0: Called Strike 0-1: Foul Ball, location: 2F 0-2: Foul Ball, location: 2F 0-2: Foul Ball, location: 2F 0-2: Foul Ball, location: 2F 0-2: Ball 1-2: Ball 2-2: Ball 3-2: Base on Balls
|
Pitching: LHP Jamie Tanner
|
|
Batting: LHB Cody Schumacher
|
0-0: Ball 1-0: Ball 2-0: Swinging Strike 2-1: Grounds into double play, 4-6-3 (Groundball, 4, EV 77.5 MPH)
|
Top of the 5th over - 0 runs, 0 hits, 0 errors, 0 left on base; Texas 4 - Oakland 3 |
BOTTOM OF THE 5TH |
Oakland Athletics batting - Pitching for Texas Rangers : LHP Wayne Perry
|
Batting: RHB Danny Murillo
|
0-0: Ground out 1-3 (Groundball, 13S, EV 71.9 MPH)
|
Batting: LHB Sakae Kasahara
|
0-0: Fly out, F5 (Popup, 56S, EV 78.8 MPH)
|
Batting: RHB Muneo Kawachi
|
0-0: Foul Ball, location: 2F 0-1: Ball 1-1: Fly out, F7 (Flyball, 78S, EV 92.5 MPH)
|
Bottom of the 5th over - 0 runs, 0 hits, 0 errors, 0 left on base; Texas 4 - Oakland 3 |
TOP OF THE 6TH |
Texas Rangers batting - Pitching for Oakland Athletics : LHP Jamie Tanner
|
Batting: LHB Johan de Vries
|
0-0: Ground out 5-3 (Groundball, 56, EV 81.3 MPH)
|
Batting: RHB Edwin Madrid
|
0-0: Called Strike 0-1: Ball 1-1: Swinging Strike 1-2: Ball 2-2: Foul Ball, location: 2F 2-2: Foul Ball, location: 2F 2-2: Ball 3-2: Strikes out looking
|
Batting: SHB Vince Ealy
|
0-0: Ball 1-0: Ball 2-0: Ball 3-0: Base on Balls
|
Batting: RHB Rich Stinson
|
0-0: Ball 1-0: Ball 2-0: Fielders Choice at 2nd, 5-4 (Groundball, 5, EV 83.1 MPH)
|
Top of the 6th over - 0 runs, 0 hits, 0 errors, 1 left on base; Texas 4 - Oakland 3 |
BOTTOM OF THE 6TH |
Oakland Athletics batting - Pitching for Texas Rangers : LHP Wayne Perry
|
Batting: LHB Nate Dean
|
0-0: Ball 1-0: Ground out 6-3 (Groundball, 6M, EV 108.1 MPH)
|
Batting: RHB Sébastien Piat
|
0-0: Foul Ball, location: 2F 0-1: Ball 1-1: Swinging Strike 1-2: Ground out U3 (Groundball, 34, EV 89.4 MPH)
|
Batting: RHB Justin McQuarter
|
0-0: Swinging Strike 0-1: Swinging Strike 0-2: Ball 1-2: Ball 2-2: Strikes out looking
|
Bottom of the 6th over - 0 runs, 0 hits, 0 errors, 0 left on base; Texas 4 - Oakland 3 |
TOP OF THE 7TH |
Texas Rangers batting - Pitching for Oakland Athletics : LHP Jamie Tanner
|
Batting: SHB John Giesbrecht
|
0-0: Swinging Strike 0-1: Called Strike 0-2: Ball 1-2: Fly out, F8 (Flyball, 8LS, EV 87.5 MPH)
|
Batting: SHB Jun Tsuda
|
0-0: Ball 1-0: Ball 2-0: Swinging Strike 2-1: SINGLE (Groundball, 6MD, EV 104.4 MPH)
|
Batting: RHB Casey Semenza
|
0-0: Called Strike 0-1: Called Strike Jun Tsuda steals 2nd base 0-2: Foul Ball, location: 2F 0-2: Ball 1-2: Foul Ball, location: 2F 1-2: Foul Ball, location: 2F 1-2: Fly out, F8 (Line Drive, 8LD, EV 87.5 MPH)
|
Batting: RHB Bert Clark
|
0-0: Ball 1-0: Called Strike 1-1: SINGLE (Groundball, 4M, EV 88.8 MPH) (infield hit) Jun Tsuda to third
|
Batting: LHB Cody Schumacher
|
0-0: Ball 1-0: Ground out 4-3 (Groundball, 34D, EV 89.4 MPH)
|
Top of the 7th over - 0 runs, 2 hits, 0 errors, 2 left on base; Texas 4 - Oakland 3 |
BOTTOM OF THE 7TH |
Oakland Athletics batting - Pitching for Texas Rangers : LHP Wayne Perry
|
Batting: SHB Bob Morales
|
0-0: Called Strike 0-1: Swinging Strike 0-2: Foul Ball, location: 2F 0-2: Foul Ball, location: 2F 0-2: Fly out, F6 (Line Drive, 6, EV 68.8 MPH)
|
Batting: SHB Todd Hewitt
|
0-0: Ball 1-0: Swinging Strike 1-1: SINGLE (Groundball, 6MD, EV 98.1 MPH)
|
Batting: RHB Philip Jansen
|
0-0: Ball 1-0: Ball 2-0: Ball 3-0: Called Strike 3-1: Called Strike 3-2: 2-RUN HOME RUN (Flyball, 8LXD, EV 103.8 MPH), Distance : 409 ft
|
Pitching: RHP Troy Baker
|
|
Batting: RHB Danny Murillo
|
0-0: SINGLE (Flyball, 56D, EV 95.0 MPH)
|
Batting: LHB Sakae Kasahara
|
0-0: Ball 1-0: Swinging Strike 1-1: SINGLE (Groundball, 6D, EV 95.0 MPH) Danny Murillo to second
|
Batting: RHB Muneo Kawachi
|
0-0: Fly out, F8 (Flyball, 8LM, EV 86.3 MPH)
|
Batting: LHB Nate Dean
|
0-0: Ball 1-0: Foul Ball, location: 2F 1-1: Foul Ball, location: 2F 1-2: Ball 2-2: Ball 3-2: Foul Ball, location: 2F 3-2: Base on Balls Danny Murillo to third Sakae Kasahara to second
|
Batting: RHB Sébastien Piat
|
0-0: Ball 1-0: Ball 2-0: Foul Ball, location: 2F 2-1: Swinging Strike 2-2: Strikes out swinging
|
Bottom of the 7th over - 2 runs, 4 hits, 0 errors, 3 left on base; Texas 4 - Oakland 5 |
TOP OF THE 8TH |
Texas Rangers batting - Pitching for Oakland Athletics : LHP Jamie Tanner
|
Pitching: LHP Neal Chauveau
|
|
Pinch Hitting: RHB Alex Sandoval
|
0-0: Foul Ball, location: 2F 0-1: Called Strike 0-2: Foul Ball, location: 2F 0-2: Strikes out swinging
|
Batting: RHB Edwin Madrid
|
0-0: Ball 1-0: Ball 2-0: Foul Ball, location: 2F 2-1: Swinging Strike 2-2: Strikes out swinging
|
Batting: SHB Vince Ealy
|
0-0: Ball 1-0: Ball 2-0: Ball 3-0: Called Strike 3-1: Base on Balls
|
Batting: RHB Rich Stinson
|
Pickoff Throw to First - Out! 1-3
|
Top of the 8th over - 0 runs, 0 hits, 0 errors, 0 left on base; Texas 4 - Oakland 5 |
BOTTOM OF THE 8TH |
Oakland Athletics batting - Pitching for Texas Rangers : RHP Troy Baker
|
Now at 1B: John Giesbrecht
|
|
Now at 2B: Alex Sandoval
|
|
Pinch Hitting: SHB Ryan Langlois
|
0-0: Swinging Strike 0-1: Swinging Strike 0-2: Foul Ball, location: 2F 0-2: Foul Ball, location: 2F 0-2: Strikes out swinging, 2-3 out at first.
|
Batting: SHB Bob Morales
|
0-0: Ball 1-0: Called Strike 1-1: Ball 2-1: Ball 3-1: SINGLE (Groundball, 4MD, EV 107.5 MPH)
|
Batting: SHB Todd Hewitt
|
0-0: Ball 1-0: Reached on error, E3 (Line Drive, 3, EV 71.9 MPH) Bob Morales to second
|
Batting: RHB Philip Jansen
|
0-0: Ball 1-0: Ball 2-0: Foul Ball, location: 2F 2-1: 3-RUN HOME RUN (Flyball, 7D, EV 104.4 MPH), Distance : 392 ft
|
Pitching: RHP Manny Solis
|
|
Batting: RHB Danny Murillo
|
0-0: Foul Ball, location: 2F 0-1: Ball 1-1: Swinging Strike 1-2: Strikes out swinging
|
Batting: LHB Sakae Kasahara
|
0-0: Ball 1-0: Swinging Strike 1-1: Ground out 4-3 (Groundball, 4M, EV 99.4 MPH)
|
Bottom of the 8th over - 3 runs, 2 hits, 1 error, 0 left on base; Texas 4 - Oakland 8 |
TOP OF THE 9TH |
Texas Rangers batting - Pitching for Oakland Athletics : LHP Neal Chauveau
|
Pitching: RHP Kyle Ehret
|
|
Now at 3B: Ryan Langlois
|
|
Batting: RHB Rich Stinson
|
0-0: Ball 1-0: Foul Ball, location: 2F 1-1: SINGLE (Flyball, 34D, EV 90.6 MPH)
|
Batting: SHB John Giesbrecht
|
0-0: Fly out, F9 (Flyball, 9S, EV 94.4 MPH)
|
Batting: SHB Jun Tsuda
|
0-0: Grounds into double play, 4-6-3 (Groundball, 13, EV 85.6 MPH)
|
Top of the 9th over - 0 runs, 1 hit, 0 errors, 0 left on base; Texas 4 - Oakland 8 |
|